 Dungeon Crawl Stone Soup version 0.27.1-33-g824d729ab1 (webtiles) character file.

Game seed: 16758677568440928082

662 raph the Chiller (level 7, 0/44 (46) HPs)
             Began as a Human Ice Elementalist on Dec 15, 2021.
             Slain by a bullfrog zombie (3 damage)
             ... on level 5 of the Dungeon.
             The game lasted 00:12:06 (7330 turns).

raph the Chiller (Human Ice Elementalist)           Turns: 7330, Time: 00:12:07

HP:   0/44 (46)     AC:  5    Str:  8    XL:     7   Next: 87%
MP:   12/12         EV: 11    Int: 18    God:
Gold: 144           SH:  0    Dex: 13    Spells: 6/13 levels left

rFire    . . .     SeeInvis .   c - staff of conjuration
rCold    . . .     Faith    .   (no shield)
rNeg     . . .     Spirit   .   d - +1 leather armour
rPois    .         Reflect  .   (no helmet)
rElec    .         Harm     .   (no cloak)
rCorr    .         Rampage  .   p - +0 pair of gloves
Will     .....                  (no boots)
Stlth    ++........             (no amulet)
HPRegen  0.14/turn              (no ring)
MPRegen  0.13/turn              (no ring)

@: lightly drained
A: no striking features
a: no special abilities


You were on level 5 of the Dungeon.
You visited 1 branch of the dungeon, and saw 5 of its levels.
You also visited: Ossuary.

You collected 144 gold pieces.

Inventory:

Hand Weapons
 m - a +3 hunting sling
Missiles
 f - 33 poisoned darts
Armour
 a - a +0 robe
 d - a +1 leather armour (worn)
 p - a +0 pair of gloves (worn)
Magical Staves
 c - a staff of conjuration (weapon)
Wands
 n - a wand of polymorph (7)
Scrolls
 g - a scroll of identify
 i - 2 scrolls of amnesia
Potions
 b - a potion of heal wounds
 h - a potion of invisibility {unknown}
 j - a potion of attraction
 k - a potion of curing {unknown}
 l - a potion of berserk rage {unknown}
 o - a potion of resistance {unknown}


   Skills:
 - Level 2.0 Dodging
 - Level 2.0 Stealth
 + Level 3.5 Spellcasting
 + Level 2.9 Conjurations
 + Level 7.7 Ice Magic


You had 6 spell levels left.
You knew the following spells:

 Your Spells              Type           Power      Damage    Failure   Level
a - Freeze                Ice            100%       1d11      1%          1
b - Frozen Ramparts       Ice            60%        1d8       2%          3
c - Ozocubu's Armour      Ice            30%        N/A       2%          3

Your spell library contained the following spells:

 Spells                   Type           Power      Damage    Failure   Level
 Hailstorm                Conj/Ice       33%        3d8       26%         4
 Animate Dead             Necr           1%         N/A       92%         4
 Borgnjor's Vile Clutch   Necr/Erth      1%         N/A       99%         5
 Death Channel            Necr           1%         N/A       100%        6
 Haunt                    Necr/Summ      1%         N/A       100%        7
 Infestation              Necr           1%         N/A       100%        8


Dungeon Overview and Level Annotations

Branches:
Dungeon (5/15)            Ossuary (visited)
 Temple: D:4-7

Altars:
Makhleb
Uskayaw
Wu Jian

Shops:
D:1 (   D:4 (

Annotations:
D:4 exclusion: zombie
D:5 exclusion: phantom


Message History

There are no items here.
The bullfrog zombie barely misses you. The bullfrog zombie hits you.
You see here 18 gold pieces.
You now have 144 gold pieces (gained 18).
The bullfrog zombie hits you but does no damage.
The bullfrog zombie misses you. The bullfrog zombie misses you.
The bullfrog zombie completely misses you.
The bullfrog zombie misses you. The bullfrog zombie hits you.
There is an open door here.
Okay, then.
The bullfrog zombie hits you.
Throw: 2 javelins
Press: ? - help, Shift-Dir - straight line, f - bullfrog zombie
Aim: a bullfrog zombie (moderately damaged, 68% to hit)
You throw a javelin.
The javelin pierces through the bullfrog zombie!
The bullfrog zombie is heavily damaged.
The bullfrog zombie hits you.
* * * LOW HITPOINT WARNING * * *
Throw: javelin
Press: ? - help, Shift-Dir - straight line, f/p - bullfrog zombie
Aim: a bullfrog zombie (heavily damaged, 68% to hit)
You throw a javelin.
The javelin pierces through the bullfrog zombie but does no damage.
The bullfrog zombie is heavily damaged.
The bullfrog zombie barely misses you.
The bullfrog zombie hits you but does no damage.
The bullfrog zombie hits you.
* * * LOW HITPOINT WARNING * * *
The bullfrog zombie barely misses you. The bullfrog zombie hits you.
* * * LOW HITPOINT WARNING * * *
The bullfrog zombie misses you.
The bullfrog zombie hits you but does no damage.
The bullfrog zombie barely misses you. The bullfrog zombie barely misses you.
The bullfrog zombie hits you.
You die...

.##.......+#...#...#...#...#..###
.##.........................._#
.##........#...#...#...#...#..# #
.##...........................# #
.##........#################### #
.##............# #
#####.####.....### # ......#
#......Z.# ########### .######
##.....#@# #.......... .#
#.....#.# #..<....... .#
#.....#.# #.......... .#
#.....#.# #.....).... .#
#..÷..#.# #†......... .#
#.....#.###.......... ##
#.....#..............
#####.#####..........
#.#####..........


You could see a bullfrog zombie.

Vanquished Creatures
  Edmund (D:5)
  2 scorpions (D:4)
  A bullfrog (D:5)
  A hound (D:5)
  2 jellies (D:5)
  Jessica (D:2)
  Natasha (D:2)
  An iguana (D:5)
  3 gnolls (D:5)
  9 adders
  An ufetubus (D:4)
  2 worms (D:4)
  2 dart slugs
  4 orcs (D:4)
  8 ball pythons
  5 endoplasms
  2 giant cockroaches
  3 goblins (D:1)
  5 hobgoblins
  4 jackals (D:4)
  6 quokkas
  9 bats
  4 frilled lizards
  A jackal skeleton (D:4)
  6 kobolds
  5 rats
89 creatures vanquished.

Vanquished Creatures (others)
  7 plants (D:2)
7 creatures vanquished.

Grand Total: 96 creatures vanquished

Notes
Turn   | Place    | Note
-------+----------+-------------------------------------------
     0 | D:1      | raph the Human Ice Elementalist began the quest for the
                  | Orb.
     0 | D:1      | Reached XP level 1. HP: 13/13 MP: 3/3
   213 | D:1      | Reached XP level 2. HP: 18/19 MP: 0/5
   607 | D:1      | Found Xoafy's Antique Weapon Shoppe.
   912 | D:1      | Reached XP level 3. HP: 19/24 MP: 2/6
  1184 | D:1      | Found a faded altar of an unknown god.
  1385 | D:2      | Reached skill level 5 in Ice Magic
  1390 | D:2      | Noticed Jessica
  1556 | D:2      | Learned a level 3 spell: Frozen Ramparts
  1808 | D:2      | Killed Jessica
  1809 | D:2      | Reached XP level 4. HP: 2/30 MP: 0/7
  2501 | D:2      | Learned a level 3 spell: Ozocubu's Armour
  2867 | D:2      | Noticed Natasha
  2872 | D:2      | Killed Natasha
  2873 | D:2      | Reached skill level 6 in Ice Magic
  2873 | D:2      | Reached XP level 5. HP: 35/35 MP: 4/8
  4753 | D:4      | Noticed a necrophage
  4846 | D:4      | Found Etiteff's Antique Weapon Shoppe.
  4867 | D:4      | Reached XP level 6. HP: 35/41 MP: 4/9
  4940 | D:4      | Found an ornate altar of the Wu Jian Council.
  5087 | D:4      | Found a sand-covered staircase.
  5092 | Ossuary  | Entered an ossuary
  5128 | D:4      | Reached skill level 7 in Ice Magic
  5698 | D:4      | Reached skill level 1 in Conjurations
  5760 | D:5      | Entered Level 5 of the Dungeon
  5760 | D:5      | Found a burning altar of Makhleb.
  5766 | D:5      | Noticed Edmund
  5780 | D:5      | Killed Edmund
  5781 | D:5      | Reached XP level 7. HP: 46/46 MP: 0/11
  7220 | D:5      | Found a hide-covered altar of Uskayaw.
  7321 | D:5      | HP: 2/44 [bullfrog zombie (6)]
  7330 | D:5      | Slain by a bullfrog zombie

Illustrated notes

Levels and vault maps discovered:
D:1:      giann_forest_graveyard, layout_basic,
          dreamdust_ecumenical_altar_statues, serial_shops,
          nicolae_shop_waterfront, minivault_26
D:2:      layout_loops_corners, serial_forest, infiniplex_forest_lined_2,
          infiniplex_forest_end_3, infiniplex_forest_lined_2,
          infiniplex_forest_straight_3, infiniplex_forest_side_room,
          infiniplex_forest_clump_diagonal, infiniplex_forest_lined_2,
          infiniplex_forest_zigzag_1, minmay_fractal_squares_gapless_5,
          uniq_natasha, uniq_jessica
D:3:      layout_loops_cross, kennysheep_nondescript
D:4:      layout_basic, mainiacjoe_overflow_boulevard, serial_shops,
          nicolae_stop_n_shop_1, enter_ossuary_2
D:5:      layout_basic, overflow_temple_1_default, mainiacjoe_overflow_brackets,
          lemuel_coloured_pillars_altar, uniq_sigmund, uniq_edmund

Skill      XL: |  1  2  3  4  5  6  7 |
---------------+----------------------+-----
Ice Magic      | 5 6 7 |  7.7
Conjurations   | 2 |  2.9
Spellcasting   | 3 |  3.5
Dodging        | |  2.0
Stealth        | |  2.0

Action                   |  1- 3 |  4- 6 |  7- 9 || total
-------------------------+-------+-------+-------++-------
Melee: Unarmed           |     1 |       |       ||     1
       Staff             |     3 |    30 |    64 ||    97
Throw: Dart              |       |     2 |       ||     2
       Javelin           |       |       |     2 ||     2
 Cast: Freeze            |    47 |    13 |     6 ||    66
       Frozen Ramparts   |     1 |    33 |     8 ||    42
       Ozocubu's Armour  |       |     2 |     6 ||     8
  Use: Scroll            |     2 |     9 |       ||    11
       Potion            |       |       |     1 ||     1
Armor: Robe              |     5 |       |       ||     5
       Leather armour    |    10 |    12 |    38 ||    60
Dodge: Dodged            |    36 |    54 |    56 ||   146
